1v1SgtSteiner

Match 12966482
End
Engineer Squad
Construct Barracks
Selects Armored Battlegroup
Selects Veteran Crews
1⁄4-ton 4x4 Truck
Riflemen Squad
Riflemen Squad
Air Support Center
Riflemen Squad
Selects Strength in Steel
P-47 Strafing Run
M1918 Browning Automatic Rifles
M1 Mortar Team
Grenade Package
Construct Motor Pool
Construct Medical Station
P-47 Dive Bomb
M24 Chaffee Light Tank
Selects Seek and Destroy
Grasshopper High-Altitude Recon Run
P-47 Strafing Run
M1 Anti-tank Gun Team
M1 Anti-tank Gun Team
Engineer Squad
P-47 Dive Bomb
Grasshopper High-Altitude Recon Run
Selects M4A3E8 Sherman Combat Group
M4A3E8 Sherman Combat Group
Grasshopper High-Altitude Recon Run
P-47 Strafing Run
SgtSteiner
Myggsa
0
0

Comments sign in to comment!

No comments posted yet!